[Event "Live Chess"]
[Site "Chess.com"]
[Date "2024.06.01"]
[Round "-"]
[White "degringolade64"]
[Black "WilliamofOrange16th"]
[Result "0-1"]
[WhiteElo "2046"]
[BlackElo "1983"]
[TimeControl "300"]
[EndTime "11:45:22 PDT"]
[Termination "WilliamofOrange16th won by resignation"]

1. e4 d6 2. d4 Nf6 3. Nc3 Nbd7 4.
g4 h6 5. h3 e5 6. Nge2 b5 7.
Nxb5 Nxe4 8. Bg2 Bb7 9. O-O a6 10. dxe5 axb5 11. Qd4 dxe5 12. Qe3 Nec5 13. Bxb7 Nxb7 14.
Nd4 Bd6 15. Nc6 Qf6 16. f4 Bc5 17. fxe5 Bxe3+ 18. Bxe3 Qxc6 0-1

[Event "Live Chess"]
[Site "Chess.com"]
[Date "2024.06.01"]
[Round "-"]
[White "Ferrarifan27"]
[Black "elephantgerrald"]
[Result "1-0"]
[WhiteElo "2049"]
[BlackElo "753"]
[TimeControl "300"]
[EndTime "11:45:36 PDT"]
[Termination "Ferrarifan27 won by checkmate"]

1. e4 e5 2. Nf3 Nf6 3. Nxe5 Qe7 4. Nf3 Qxe4+ 5. Be2 Ng4 6. O-O Bd6 7. Re1 Qg6 8.
Bd3+ Qe6 9. Rxe6+ dxe6 10. h3 Nf6 11. Nc3 O-O 12. Ne4 Nc6 13. Nxf6+ gxf6 14. c3 Kh8 15.
Nd4 Nxd4 16. cxd4 e5 17. Qh5 exd4 18. Qxh7# 1-0

[Event "Live Chess"]
[Site "Chess.com"]
[Date "2024.06.01"]
[Round "-"]
[White "PureDashingOctopus"]
[Black "TigerTank70"]
[Result "1-0"]
[WhiteElo "2264"]
[BlackElo "2209"]
[TimeControl "300"]
[EndTime "11:45:39 PDT"]
[Termination "PureDashingOctopus won by resignation"]

1. e4 e5 2. Nf3 Nc6 3. Bb5 a6 4. Ba4 Nf6 5. O-O b5 6. Bb3 Be7 7. d3 O-O 8. c3 d5 9. exd5 Nxd5 10. Re1 Bg4 11. h3 Bh5 12. a4 Rb8 13. axb5 axb5 14. Ra6 Nb6 15. Be3 Qc8 16. Ra1 Qf5 17.
g4 Bxg4 18. hxg4 Qxg4+ 19. Kf1 Qh3+ 20. Ke2 e4 21. dxe4 Rbd8 22. Qc2 Kh8 23. Nbd2 f5 24. Rh1 Qg4 25. Rag1 Rxd2+ 26. Qxd2 Qxe4 27. Qd3 Na5 28. Qxe4 fxe4 29. Nd2 Nxb3 30. Nxb3 Nc4 31. Bc5 Bxc5 32. Nxc5 e3 33. fxe3 Re8 34. Rg3 Nxb2 35. Rb1 1-0

[Event "Live Chess"]
[Site "Chess.com"]
[Date "2024.06.01"]
[Round "-"]
[White "dl_chess"]
[Black "GEMdzq"]
[Result "0-1"]
[WhiteElo "1171"]
[BlackElo "2288"]
[TimeControl "300"]
[EndTime "11:45:42 PDT"]
[Termination "GEMdzq won by checkmate"]

1. e4 Nf6 2. Nc3 e6 3. d4 d5 4.
e5 Nfd7 5. Nf3 c5 6. Bb5 Nc6 7. Bxc6 bxc6 8. O-O Be7 9. Be3 O-O 10. Qd2 cxd4 11.
Bxd4 c5 12. Be3 d4 13. Nxd4 cxd4 14. Bxd4 Bb7 15. Rad1 Nb6 16. b3 Qc7 17. f4 Rad8 18.
Qf2 Rxd4 19. Rxd4 Qxc3 20. Rd3 Qc5 21. Qxc5 Bxc5+ 22. Kh1 Ba6 23. c4 Nxc4 24. bxc4 Bxc4 25. Rc3 Bxf1 26. Rxc5 f6 27. Rc7 fxe5 28. fxe5 Bc4 29. h3 Bxa2 30. Rxa7 Bd5 31. Rd7 Rf1+ 32. Kh2 Rf2 33.
Rd8+ Kf7 34. Rd7+ Kg6 35. Kg3 Rxg2+ 36. Kh4 Kh6 37. Rf7 g5# 0-1

[Event "Live Chess"]
[Site "Chess.com"]
[Date "2024.06.01"]
[Round "-"]
[White "Brooms1989"]
[Black "Cruiseylee78"]
[Result "0-1"]
[WhiteElo "1095"]
[BlackElo "1702"]
[TimeControl "300"]
[EndTime "11:46:00 PDT"]
[Termination "Cruiseylee78 won by resignation"]

1. e4 d6 2. d4 Nd7 3. Nc3 e5 4.
Nf3 h6 5. dxe5 dxe5 6. Bc4 c6 7. O-O Qc7 8. Be3 Ngf6 9. Qe2 Be7 10. Rad1 g5 11. h3 Nf8 12. Rd2 Ng6 13. Rfd1 Nf4 14. Bxf4 gxf4 15. Nh4 Rg8 16. Nf5 Rg5 17. Nxh6 Bxh3 18.
Qf3 Bxg2 19. Qxg2 Rxg2+ 20. Kxg2 Rd8 21. Nxf7 Rxd2 22. Rxd2 b5 23. Bb3 a5 24. a4 b4 25.
Ne2 Nxe4 0-1

[Event "Live Chess"]
[Site "Chess.com"]
[Date "2024.06.01"]
[Round "-"]
[White "GwaryTek"]
[Black "Grace6363"]
[Result "1-0"]
[WhiteElo "1900"]
[BlackElo "1151"]
[TimeControl "300"]
[EndTime "11:46:03 PDT"]
[Termination "GwaryTek won by resignation"]

1. d4 Nf6 2. c4 g6 3. Nc3 d5 4.
cxd5 Nxd5 5. e4 Nxc3 6. bxc3 Bg7 7. Bb5+ c6 8. Ba4 b5 9. Bb3 Qa5 10. Ne2 c5 11. O-O Nc6 12. Bd5 Bb7 13. Rb1 e6 14.
Bxc6+ Bxc6 15. d5 exd5 16. exd5 Bd7 17. c4 b4 18. Ng3 O-O 19. Ne4 Qc7 20. Be3 Bd4 21.
Bxd4 cxd4 22. Qxd4 Rae8 23. Nf6+ Kh8 24. Nxe8+ 1-0

[Event "Live Chess"]
[Site "Chess.com"]
[Date "2024.06.01"]
[Round "-"]
[White "jimwad"]
[Black "Delacorta"]
[Result "0-1"]
[WhiteElo "1240"]
[BlackElo "1459"]
[TimeControl "300"]
[EndTime "11:46:17 PDT"]
[Termination "Delacorta won by checkmate"]

1. c4 e6 2. g3 f5 3. Bg2 Nf6 4. Nc3 c6 5. e3 d5 6. cxd5 exd5 7.
d4 Bd6 8. Nge2 O-O 9. O-O Bd7 10. a3 Be8 11. b4 Bh5 12. Qd2 Ne4 13. Nxe4 fxe4 14.
Nc3 Nd7 15. b5 Qc7 16. a4 Rf7 17. Ba3 Bxa3 18. Rxa3 Raf8 19. Ra2 Nf6 20. bxc6 bxc6 21. Rc2 Ng4 22. Nxd5 Qd8 23. Nf4 Qg5 24. Ne6 Qh6 25. Nxf8 Rxf8 26. Bxe4 Bg6 27. Rxc6 Qxh2# 0-1

[Event "Live Chess"]
[Site "Chess.com"]
[Date "2024.06.01"]
[Round "-"]
[White "Queensandpawns"]
[Black "viktorskliarov"]
[Result "0-1"]
[WhiteElo "2430"]
[BlackElo "2650"]
[TimeControl "300"]
[EndTime "11:46:24 PDT"]
[Termination "viktorskliarov won by resignation"]

1. e4 c5 2. Nf3 Nc6 3. Bb5 e6 4. c3 Nge7 5. O-O a6 6. Ba4 b5 7.
Bc2 d5 8. d4 cxd4 9. cxd4 Nb4 10.
Nc3 Nxc2 11. Qxc2 Bb7 12. exd5 Nxd5 13. Nxd5 Qxd5 14. Bf4 Rc8 15. Qd2 Be7 16. Rac1 O-O 17. Be3 Qxa2 18. Ne5 Qd5 19. f3 Bf6 20. Ng4 Be7 21.
Ne5 b4 22. Rce1 b3 23. Nd3 a5 24. Nf4 Qb5 25. Bf2 Bb4 0-1

[Event "Live Chess"]
[Site "Chess.com"]
[Date "2024.06.01"]
[Round "-"]
[White "McFim"]
[Black "educatedlad"]
[Result "0-1"]
[WhiteElo "1589"]
[BlackElo "1763"]
[TimeControl "300"]
[EndTime "11:46:30 PDT"]
[Termination "educatedlad won by resignation"]

1. e4 c5 2. Nf3 e6 3. Nc3 Nc6 4. d4 cxd4 5. Nxd4 a6 6. Be3 Nf6 7.
f3 d5 8. Nxc6 bxc6 9. exd5 cxd5 10. Bg5 d4 11. Ne4 Qa5+ 12. Bd2 Qe5 13. Bd3 Nxe4 14.
Bxe4 f5 15. O-O fxe4 0-1

[Event "Live Chess"]
[Site "Chess.com"]
[Date "2024.06.01"]
[Round "-"]
[White "MagnersCarlsberg2870"]
[Black "Sokolik_UA"]
[Result "1-0"]
[WhiteElo "1882"]
[BlackElo "803"]
[TimeControl "300"]
[EndTime "11:46:32 PDT"]
[Termination "MagnersCarlsberg2870 won by checkmate"]

1. d4 d6 2. e4 f5 3. exf5 Bxf5 4. Bd3 Bxd3 5. Qxd3 Nf6 6. Qb5+ Nc6 7. Qxb7 Nxd4 8. Na3 e6 9. Be3 Nf5 10. Nb5 Be7 11. Qxa8 Qxa8 12. Nxc7+ Kd7 13. Nxa8 Rxa8 14. O-O-O Nxe3 15. fxe3 a5 16. Nf3 a4 17. a3 Ne4 18.
Rhf1 Bg5 19. Rd3 Bh6 20. Rfd1 Nf2 21. Nd4 Nxd1 22. Kxd1 Rb8 23. Kc1 e5 24. Nf5 Rb6 25.
Nxh6 gxh6 26. e4 Ke6 27. Rh3 Rb7 28. Rxh6+ Kd7 29. Rxh7+ Kc6 30. Rxb7 Kxb7 31. h4 Kc6 32. h5 Kc5 33. h6 Kd4 34. h7 Kxe4 35. h8=Q Kd4 36.
Qh3 e4 37. c3+ Kd5 38. Qf5+ Kc4 39. Qxe4+ Kb3 40. Qb4+ Ka2 41. b3 axb3 42. c4 Ka1 43. Qxb3 d5 44. Qb2# 1-0

[Event "Live Chess"]
[Site "Chess.com"]
[Date "2024.06.01"]
[Round "-"]
[White "ProfPoisson"]
[Black "TJ-W"]
[Result "0-1"]
[WhiteElo "1250"]
[BlackElo "1569"]
[TimeControl "300"]
[EndTime "11:46:40 PDT"]
[Termination "TJ-W won on time"]

1. e4 e5 2. Nf3 Nc6 3. d4 exd4 4. Bc4 Bb4+ 5. c3 dxc3 6. O-O cxb2 7. Bxb2 Nf6 8. a3 Be7 9. e5 Ng4 10. h3 Nh6 11.
Qd5 d6 12. e6 Bxe6 13. Qd3 Bf6 14. Bxf6 Qxf6 15. Re1 O-O-O 16. Nc3 Bxc4 17. Qxc4 Rde8 18. Nd5 Qd8 19. Reb1 Na5 20. Qb5 b6 21. Rc1 c6 22.
Qa6+ Kb8 23. Rab1 cxd5 24. Nd4 Nc4 25. Nc6+ Kc7 26. Nxd8 Rxd8 27. Qxa7+ Kc6 28. Qxb6+ Kd7 29. Qb7+ Ke6 30. Re1+ Ne5 31. f4 Rb8 32. Rxe5+ dxe5 33. Qc6+ Kf5 34. g4+ Kxf4 35. Rf1+ Kg5 36. Qxd5 f6 37. h4+ Kg6 38. h5+ Kg5 39. Qd2+ Kh4 40. Qh2+ Kg5 41. Rf5+ Nxf5 42. gxf5 Kxf5 43. Qh3+ Ke4 44. Qg2+ Kd4 45.
Qd2+ Kc4 0-1

[Event "Live Chess"]
[Site "Chess.com"]
[Date "2024.06.01"]
[Round "-"]
[White "SavagePawn7"]
[Black "Kirill-2008"]
[Result "0-1"]
[WhiteElo "683"]
[BlackElo "2416"]
[TimeControl "300"]
[EndTime "11:46:57 PDT"]
[Termination "Kirill-2008 won by resignation"]

1. e4 e5 2. d4 exd4 3. c3 d5 4. exd5 Qxd5 5. cxd4 Nc6 6. Nf3 Bg4 7. Nc3 Bb4 8. Be2 Nf6 9. h3 Bxf3 10. Bxf3 Qe6+ 11. Kf1 O-O-O 12. Bxc6 Qxc6 13. Be3 Rhe8 14. Qd2 Ne4 15. Qc2 Bxc3 16. bxc3 Nxc3 17. Rc1 Qa6+ 18. Kg1 Ne2+ 0-1

[Event "Live Chess"]
[Site "Chess.com"]
[Date "2024.06.01"]
[Round "-"]
[White "blunderabit"]
[Black "ogpin"]
[Result "0-1"]
[WhiteElo "1810"]
[BlackElo "2220"]
[TimeControl "300"]
[EndTime "11:47:15 PDT"]
[Termination "ogpin won on time"]

1. e4 a5 2. d4 Ra6 3. Bxa6 Nxa6 4. Nf3 b6 5. O-O Bb7 6. Re1 e6 7. Bg5 Qa8 8. Nbd2 h6 9. Bf4 d6 10. h3 g6 11. c3 Bg7 12. e5 g5 13. Bg3 h5 14. exd6 cxd6 15. Bxd6 g4 16. Nh2 Bxg2 17. hxg4 Bh3 18. Qf3 Qxf3 19. Ndxf3 hxg4 20. Ng5 Kd7 21. Be5 f6 22. Nxh3 gxh3 23. Bg3 Ne7 24. Nf1 Nf5 25.
Kh2 Nc7 26. Re4 Nxg3 27. Nxg3 Bf8 28. Rae1 Bd6 29. c4 f5 30. Re5 Bxe5 31. dxe5 Rh4 32.
Rd1+ Kc6 33. b3 Rf4 34. Rd2 a4 35. Kxh3 axb3 36. axb3 Rf3 37. b4 Rc3 38. Rd6+ Kb7 39. Kg2 Rxc4 40. Nh5 Rxb4 41. Nf6 Rb5 42. Rd7 Rxe5 43.
Ne8 Rc5 0-1

[Event "Live Chess"]
[Site "Chess.com"]
[Date "2024.06.01"]
[Round "-"]
[White "Isambard_Thomas"]
[Black "peteopeteo"]
[Result "1-0"]
[WhiteElo "2165"]
[BlackElo "1598"]
[TimeControl "300"]
[EndTime "11:47:18 PDT"]
[Termination "Isambard_Thomas won by resignation"]

1. d4 d5 2. Nf3 Bf5 3. Bg5 Nd7 4. e3 h6 5. Bf4 Ngf6 6. Nbd2 e6 7. c3 Be7 8. h3 c5 9. Be5 O-O 10. g4 Be4 11. Be2 Nxe5 12. dxe5 Bxf3 13. Nxf3 Nd7 14. Qc2 Qc7 15. h4 Nxe5 16. g5 h5 17. Nxe5 Qxe5 18. Bxh5 Rad8 19. O-O-O b5 20. Rhe1 Qe4 21. Qxe4 dxe4 22.
Be2 c4 23. Rd4 Rxd4 24. exd4 f5 25. gxf6 Bxf6 26. Bg4 Kf7 27. Rxe4 Bxh4 28. Bxe6+ Kf6 29. Bd7 Bg5+ 30. Kb1 Kg6 31. Re6+ Kh5 32. Bxb5 Rxf2 33.
Bxc4 Rg2 34. Be2+ Kh4 35. c4 Bf6 36. d5 a5 37. d6 a4 38. a3 Rg1+ 39. Kc2 Rg2 40.
c5 Kg5 41. c6 Kf5 42. Re8 Kg6 43. c7 Kf7 44. c8=Q g5 45. Qe6+ Kg6 46. Rg8+ 1-0

[Event "Live Chess"]
[Site "Chess.com"]
[Date "2024.06.01"]
[Round "-"]
[White "JohanKjeldahl"]
[Black "sebmoran1"]
[Result "1-0"]
[WhiteElo "1817"]
[BlackElo "1463"]
[TimeControl "300"]
[EndTime "11:47:27 PDT"]
[Termination "JohanKjeldahl won by resignation"]

1. e4 c6 2. d4 d5 3. Nc3 dxe4 4. Nxe4 Bf5 5. Ng3 Bg6 6. Nf3 h6 7. h4 e6 8. h5 Bh7 9. Bd3 Bxd3 10. Qxd3 Nf6 11.
Be3 Be7 12. O-O-O O-O 13. Ne5 Nd5 14. c3 Nxe3 15. fxe3 Nd7 16. Ng4 Nf6 17. Ne5 Nd5 18. Kb1 Bg5 19. e4 Ne3 20. Rdg1 c5 21. Nf3 cxd4 22.
cxd4 Bf4 23. Ne2 Qc7 24. e5 Nd5 25. g4 Rac8 26. Nxf4 Nxf4 27. Qe4 Nd5 28. g5 Nb4 29. gxh6 f5 30. exf6 Rxf6 31. Rxg7+ Qxg7 32. hxg7 Kxg7 33. Rg1+ Kf7 34. Qh7+ Ke8 35. Rg8+ Rf8 36. Rxf8+ Kxf8 37. Qh8+ 1-0

[Event "Live Chess"]
[Site "Chess.com"]
[Date "2024.06.01"]
[Round "-"]
[White "nigelst"]
[Black "NottheBishopSacrifice"]
[Result "0-1"]
[WhiteElo "1668"]
[BlackElo "2304"]
[TimeControl "300"]
[EndTime "11:47:34 PDT"]
[Termination "NottheBishopSacrifice won by resignation"]

1. e4 e5 2. Nf3 Nc6 3. Bb5 Bc5 4.
O-O d6 5. c3 Bd7 6. d4 Bb6 7.
d5 Nce7 8. Bxd7+ Qxd7 9. c4 Nf6 10. Nc3 O-O 11. Qe2 h6 12. Be3 Nh7 13. Bxb6 axb6 14.
a3 f5 15. exf5 Nxf5 16. Ne4 Nf6 17. Nxf6+ Rxf6 18. Nd2 Raf8 19. Ne4 R6f7 20. b4 Nd4 21. Qd3 Qg4 22. Kh1 Qh4 23. Ra2 Rf3 24. Qd1 Qxe4 25. gxf3 Nxf3 26. Rg1 Nxg1+ 27. f3 Nxf3 0-1

[Event "Live Chess"]
[Site "Chess.com"]
[Date "2024.06.01"]
[Round "-"]
[White "cymbalshift"]
[Black "Sweet-O"]
[Result "0-1"]
[WhiteElo "1424"]
[BlackElo "1549"]
[TimeControl "300"]
[EndTime "11:47:51 PDT"]
[Termination "Sweet-O won on time"]

1. d4 c5 2. d5 d6 3. c4 g6 4. Nc3 Bg7 5. e4 Nf6 6. Bd3 O-O 7. Nge2 e5 8. O-O Ng4 9. h3 h5 10.
hxg4 hxg4 11. Ng3 Bf6 12. Be2 Qd7 13. f4 Kg7 14. f5 Bh4 15. Qd3 Na6 16. Bxg4 Nb4 17. Qf3 f6 18. fxg6 Qxg4 19. Nh5+ Kxg6 20. Qxg4+ Bxg4 21. g3 Bg5 22. Nf4+ exf4 23. gxf4 Bh6 24.
Kf2 Nd3+ 25. Ke3 Nxc1 26. Raxc1 Rae8 27. Rg1 f5 28. Rc2 Kh7 29. Rh2 Rf6 30. Rh4 Rg6 31.
Nb5 Rxe4+ 32. Kd3 Rxf4 33. Nc7 Rf3+ 34. Kc2 Rf2+ 35. Kc3 Kg8 36. Ne6 Bd2+ 37. Kb3 Re2 38. Rgh1 Kf7 39. Rh7+ Kf6 40. Rxb7 Re3+ 0-1

[Event "Live Chess"]
[Site "Chess.com"]
[Date "2024.06.01"]
[Round "-"]
[White "OurKnightAtTheOpera"]
[Black "chessfiction"]
[Result "0-1"]
[WhiteElo "2023"]
[BlackElo "2420"]
[TimeControl "300"]
[EndTime "11:47:58 PDT"]
[Termination "chessfiction won by resignation"]

1. e4 c5 2. Nf3 e6 3. d4 cxd4 4. Nxd4 a6 5. Nc3 Qc7 6. Be3 Bb4 7. Qd3 Nf6 8. O-O-O Bxc3 9. Qxc3 Qxc3 10. bxc3 Nxe4 11. Kb2 Nc6 12. Bd3 Nf6 13. Nb3 Nd5 14. Bc5 b6 15. Bd6 Bb7 16. Be4 Nde7 17. Bc7 Na5 18. Bxb7 Nxb7 19. Bxb6 Nd5 20. Bd4 O-O 21. Rhe1 Rfc8 22.
h4 Nd6 23. Rd3 Rab8 24. g4 a5 25. a4 Nc4+ 26. Ka2 Ncb6 27. Bxb6 Nxb6 28. Re4 d5 29. Rf4 Rc4 30. Rxc4 dxc4 31. Rd6 cxb3+ 32. cxb3 Nd5 33. c4 Nb4+ 34. Kb2 Kf8 35. Kc3 Ke7 36. Kd4 Kxd6 0-1

[Event "Live Chess"]
[Site "Chess.com"]
[Date "2024.06.01"]
[Round "-"]
[White "jonny_dzz"]
[Black "LL220284LL"]
[Result "1-0"]
[WhiteElo "1943"]
[BlackElo "2562"]
[TimeControl "300"]
[EndTime "11:48:11 PDT"]
[Termination "jonny_dzz won by resignation"]

1. d4 Nf6 2. e3 c5 3. f4 d5 4. Nf3 Bf5 5. Bd3 Bxd3 6. Qxd3 e6 7.
Ne5 a6 8. c3 Be7 9. Nd2 Nc6 10. O-O O-O 11. Rf3 Ne8 12. f5 Nxe5 13.
dxe5 exf5 14. Qxf5 Nc7 15. e4 d4 16. Rh3 g6 17. Qg4 dxc3 18. bxc3 Ne6 19. Nc4 b5 20. Ne3 Bg5 21. Nd5 Be7 22. Bh6 Re8 23. Rf1 Ra7 24.
Rhf3 Bf8 25. Nf6+ Kh8 26. Nxe8 Bxh6 27. Nd6 Ng5 28. Rxf7 Rxf7 29. Rxf7 Kg8 30. Rd7 Qf8 31. h4 Nh3+ 32. Qxh3 Qf4 33. Qe6+ Kh8 34. Qf6+ Qxf6 35. exf6 Kg8 36. e5 Be3+ 37. Kf1 Bf4 38. e6 Bxd6 39. Rxd6 1-0

[Event "Live Chess"]
[Site "Chess.com"]
[Date "2024.06.01"]
[Round "-"]
[White "viktorskliarov"]
[Black "educatedlad"]
[Result "1-0"]
[WhiteElo "2650"]
[BlackElo "1763"]
[TimeControl "300"]
[EndTime "11:48:16 PDT"]
[Termination "viktorskliarov won by checkmate"]

1. e4 c5 2. Nf3 e6 3. d4 cxd4 4. Nxd4 Nc6 5. Nc3 a6 6. Be2 Qc7 7. O-O Nf6 8. Be3 Be7 9. f4 d6 10. Kh1 O-O 11. Qe1 Nxd4 12. Bxd4 Bd7 13. Qg3 b5 14. a3 Bc6 15. Rad1 Bxe4 16. Nxe4 Nxe4 17. Qxg7# 1-0

[Event "Live Chess"]
[Site "Chess.com"]
[Date "2024.06.01"]
[Round "-"]
[White "willc-h99"]
[Black "Dhaydon19"]
[Result "0-1"]
[WhiteElo "2612"]
[BlackElo "2692"]
[TimeControl "300"]
[EndTime "11:48:28 PDT"]
[Termination "Dhaydon19 won on time"]

1. d4 d6 2. Nf3 Nf6 3. g3 g6 4. Bg2 Bg7 5. O-O O-O 6. c4 c6 7. Nc3 Nbd7 8. e4 Qc7 9. h3 e5 10. Re1 exd4 11. Nxd4 Re8 12. Bf4 Ne5 13. b3 a6 14. Rc1 Bd7 15. Be3 c5 16. Nde2 Rad8 17. Nf4 Bc6 18. Nfd5 Bxd5 19. Nxd5 Nxd5 20. Qxd5 Nc6 21. f4 Bd4 22. Bxd4 Nxd4 23. Kh2 Kg7 24. h4 Rd7 25. h5 f6 26. b4 b6 27. Rcd1 a5 28.
a3 axb4 29. axb4 Rde7 30. Rxd4 cxd4 31. Qxd4 Rc8 32. h6+ Kxh6 33. Qxf6 Rf7 34. Qg5+ Kg7 35. e5 dxe5 36. fxe5 h6 37. Qe3 Qxc4 38. e6 Re7 39.
Qe5+ Kh7 40. Qf6 Qc7 41. Be4 Rg8 42. Rf1 Qd6 43. Bd5 Rgg7 44. Qf3 Qxb4 45. Qg2 Qd6 46. Rf7 Rgxf7 47. exf7 Rd7 48. Qe4 Rd8 49. Qe8 Kg7 50.
Qg8+ Kf6 51. Be4 Ke7 52. Qg7 Rf8 53. Bxg6 Qd2+ 54. Kh3 Qg5 0-1

[Event "Live Chess"]
[Site "Chess.com"]
[Date "2024.06.01"]
[Round "-"]
[White "WelshTiger"]
[Black "booktrunk"]
[Result "1-0"]
[WhiteElo "2535"]
[BlackElo "1371"]
[TimeControl "300"]
[EndTime "11:48:43 PDT"]
[Termination "WelshTiger won by resignation"]

1. e4 b6 2. a3 Bb7 3. Nc3 c5 4. Nf3 h6 5. d4 cxd4 6. Nxd4 e6 7. Ndb5 a6 8. Nd6+ Bxd6 9. Qxd6 Ne7 10. Be3 Nc8 11.
Qg3 Rg8 12. Bxh6 Qf6 13. Be3 Nc6 14. f4 Nd4 15. Bd3 Nc6 16. e5 Qe7 17. Ne4 b5 18.
Nf6+ Kf8 19. Nxg8 Kxg8 20. h4 Na5 21. h5 Nc4 22. Bxc4 bxc4 23. h6 g6 24. f5 exf5 25.
Bg5 Qf8 26. h7+ 1-0

[Event "Live Chess"]
[Site "Chess.com"]
[Date "2024.06.01"]
[Round "-"]
[White "Crowded_House"]
[Black "JanMur7"]
[Result "0-1"]
[WhiteElo "1744"]
[BlackElo "2283"]
[TimeControl "300"]
[EndTime "11:48:51 PDT"]
[Termination "JanMur7 won by resignation"]

1. d4 Nf6 2. Bg5 d5 3. e3 Ne4 4. Bh4 Bf5 5. Bd3 c6 6. Nf3 Qb6 7. b3 e6 8. O-O Bd6 9. c4 Qc7 10. c5 Be7 11. Bg3 Nxg3 12. hxg3 Bxd3 13. Qxd3 Nd7 14. Nc3 O-O 15. b4 e5 16. dxe5 Nxe5 17. Nxe5 Qxe5 18. Qd4 Qxd4 19. exd4 Bf6 20. Rad1 Rfe8 21.
Nb1 a5 22. a3 axb4 23. axb4 Ra4 24. Rfe1 Rxe1+ 25. Rxe1 Kf8 26. Nd2 Rxb4 27. Nf3 Bxd4 28. Nxd4 Rxd4 29. Rb1 Rc4 30. Rxb7 Rxc5 31. Rb8+ Ke7 32.
Rb7+ Kf6 33. Kf1 Rc2 34. Rd7 g6 35. Ke1 h5 36. Rd6+ Ke7 0-1

[Event "Live Chess"]
[Site "Chess.com"]
[Date "2024.06.01"]
[Round "-"]
[White "StoreySniper"]
[Black "matt1979"]
[Result "1-0"]
[WhiteElo "2552"]
[BlackElo "1374"]
[TimeControl "300"]
[EndTime "11:49:10 PDT"]
[Termination "StoreySniper won by resignation"]

1. c4 f5 2. g3 Nf6 3. Bg2 e5 4.
Nc3 d6 5. d3 Be7 6. Nf3 O-O 7. b4 c6 8. Bb2 Be6 9. Nd2 Qd7 10. b5 cxb5 11. cxb5 a6 12. a4 axb5 13. axb5 Rxa1 14. Qxa1 Qc7 15. O-O Nbd7 16. Rc1 Qb6 17. Nc4 Bxc4 18. dxc4 Ng4 19. e3 Nc5 20. Nd5 Qd8 21. h3 Nf6 22. Ba3 b6 23. Bxc5 dxc5 24. Qa7 Nxd5 25. Bxd5+ Kh8 26. Ra1 Qb8 27. Qxe7 Qe8 1-0

[Event "Live Chess"]
[Site "Chess.com"]
[Date "2024.06.01"]
[Round "-"]
[White "GEMdzq"]
[Black "elephantgerrald"]
[Result "1-0"]
[WhiteElo "2288"]
[BlackElo "753"]
[TimeControl "300"]
[EndTime "11:49:21 PDT"]
[Termination "GEMdzq won by checkmate"]

1. e4 e5 2. d4 exd4 3. c3 dxc3 4. Bc4 cxb2 5. Bxb2 Nf6 6. Nf3 Bc5 7. e5 Ng4 8. Bxf7+ Kxf7 9. Qd5+ Ke8 10. Qxc5 d6 11.
Qc2 dxe5 12. O-O Nc6 13. h3 Nf6 14. Nbd2 Nb4 15. Qb3 c5 16. Nxe5 Rf8 17. Rfe1 Qxd2 18. Rad1 Qg5 19. Nc6+ Be6 20. Qxe6# 1-0

[Event "Live Chess"]
[Site "Chess.com"]
[Date "2024.06.01"]
[Round "-"]
[White "ACM42"]
[Black "dhairyapandyauk"]
[Result "1-0"]
[WhiteElo "2208"]
[BlackElo "1628"]
[TimeControl "300"]
[EndTime "11:49:43 PDT"]
[Termination "ACM42 won by resignation"]

1. e4 e5 2. Nf3 Nc6 3. Bc4 Bc5 4. c3 d6 5. d4 exd4 6. cxd4 Bb4+ 7. Bd2 Bxd2+ 8.
Nbxd2 Nf6 9. O-O O-O 10. h3 h6 11. Re1 Nd7 12. a3 Nb6 13. Bd3 Qf6 14. e5 dxe5 15.
dxe5 Qf4 16. g3 Qa4 17. b3 Qa5 18. Qc2 Bxh3 19. Be4 Rad8 20. Nc4 Nxc4 21. Qxc4 Bg4 22. Bxc6 Be6 23. Qb5 Qc3 24. Be4 c6 25. Qxb7 Bxb3 26. Rac1 Qb2 27. Rb1 Qxa3 28. Rxb3 1-0

[Event "Live Chess"]
[Site "Chess.com"]
[Date "2024.06.01"]
[Round "-"]
[White "educatedlad"]
[Black "Dhaydon19"]
[Result "0-1"]
[WhiteElo "1763"]
[BlackElo "2692"]
[TimeControl "300"]
[EndTime "11:49:45 PDT"]
[Termination "Dhaydon19 won by resignation"]

1. d4 c6 2. c4 d5 3. Nd2 Nf6 4. e4 dxe4 5. Qc2 Bf5 6. f3 Qxd4 7. Nb3 Qe5 8. f4 Qc7 9. Be3 e6 10. Nd4 Bg6 11. O-O-O Ng4 12. Bf2 0-1

[Event "Live Chess"]
[Site "Chess.com"]
[Date "2024.06.01"]
[Round "-"]
[White "stevochess11"]
[Black "koekoekoe"]
[Result "0-1"]
[WhiteElo "1676"]
[BlackElo "2082"]
[TimeControl "300"]
[EndTime "11:49:58 PDT"]
[Termination "koekoekoe won by resignation"]

1. d4 d5 2. Nf3 Nf6 3. e3 Bg4 4. c4 e6 5. Qb3 Qc8 6. Ne5 Bf5 7. cxd5 Nxd5 8. Nc3 Nb6 9. Be2 N8d7 10. f4 Nxe5 11.
fxe5 Be7 12. O-O O-O 13. Bd2 c6 14. Rac1 Qd7 15. Nd1 Bg5 16. Nf2 Rad8 17. Nd3 Nd5 18. Nc5 Qc7 19. Be1 b6 20. Na6 Qc8 21. Nb4 Bxe3+ 22.
Kh1 Bxc1 0-1

[Event "Live Chess"]
[Site "Chess.com"]
[Date "2024.06.01"]
[Round "-"]
[White "GwaryTek"]
[Black "Brooms1989"]
[Result "1-0"]
[WhiteElo "1901"]
[BlackElo "1095"]
[TimeControl "300"]
[EndTime "11:50:01 PDT"]
[Termination "GwaryTek won by resignation"]

1. d4 Nf6 2. c4 g6 3. Nc3 Bg7 4. e4 d6 5. Nge2 O-O 6. Ng3 e5 7. d5 a5 8. h4 Nbd7 9. Be2 Nc5 10. Bg5 h6 11. Be3 c6 12. Qd2 Qb6 13. O-O-O a4 14.
Kb1 Qa5 15. dxc6 bxc6 16. Qxd6 Nb3 17. Qxc6 1-0

[Event "Live Chess"]
[Site "Chess.com"]
[Date "2024.06.01"]
[Round "-"]
[White "IanCalvert2"]
[Black "gmnorfolk"]
[Result "0-1"]
[WhiteElo "1511"]
[BlackElo "2079"]
[TimeControl "300"]
[EndTime "11:50:03 PDT"]
[Termination "gmnorfolk won on time"]

1. b3 e5 2. Bb2 Nc6 3. e3 Nf6 4. Nf3 e4 5. Nd4 d5 6. Nxc6 bxc6 7. d3 exd3 8. Bxd3 Bd6 9. Nd2 Qe7 10. Qe2 a5 11. a4 Bg4 12. f3 Bd7 13. e4 Be5 14. Bxe5 Qxe5 15. O-O O-O 16. exd5 Qxe2 17. Bxe2 cxd5 18.
Bd3 c5 19. Rfe1 Be6 20. c4 Rfd8 21. Rad1 Rab8 22. cxd5 Nxd5 23. Bc4 Nc3 24. Rc1 Rxd2 25.
Rxc3 Bxc4 26. Rxc4 h6 27. Re3 Rb2 28. Rxc5 Rd8 29.
Kf1 Rd1+ 30. Re1 Rdd2 31. g4 Rxh2 32. Kg1 Rbg2+ 33. Kf1 Rf2+ 34. Kg1 Rhg2+ 35. Kh1 Rg3 36. Rxa5 Rfxf3 37. Rf5 Rxf5 38. gxf5 Rxb3 39. Ra1 Rb6 40. a5 Ra6 41. Kg2 Kf8 42. Kf3 Ke7 43. Ke4 Kd6 44.
Kd4 Kc6 45. Kc4 Ra7 46. a6 Kb6 47. Rg1 f6 48. Re1 Kxa6 49. Re6+ Ka5 50. Kc5 Rc7+ 51.
Kd6 Rc1 52. Ke7 Rf1 0-1

[Event "Live Chess"]
[Site "Chess.com"]
[Date "2024.06.01"]
[Round "-"]
[White "MellowAesthetic"]
[Black "Yegorych"]
[Result "1-0"]
[WhiteElo "2077"]
[BlackElo "1620"]
[TimeControl "300"]
[EndTime "11:50:08 PDT"]
[Termination "MellowAesthetic won by checkmate"]

1. e4 d5 2. exd5 Nf6 3. d4 Bg4 4. Nf3 Qxd5 5. Be2 Nc6 6. c4 Qh5 7. Be3 O-O-O 8. Nbd2 e5 9. d5 Nd4 10. Nxd4 exd4 11. Bxg4+ Qxg4 12. Qxg4+ Nxg4 13. Bxd4 Re8+ 14. Kf1 Bb4 15. Rd1 f5 16. h3 Ne5 17. b3 Rhf8 18.
Nb1 g5 19. a3 c5 20. Bxe5 Rxe5 21. axb4 cxb4 22. Re1 Rfe8 23. Rxe5 Rxe5 24. Nd2 h5 25. f3 h4 26. Kf2 Kd7 27. Re1 Kd6 28. Rxe5 Kxe5 29.
Ke3 a5 30. f4+ gxf4+ 31. Kd3 b5 32. Nf3+ Kd6 33. cxb5 Kxd5 34. Nxh4 Kc5 35. Nxf5 Kxb5 36. h4 a4 37. bxa4+ Kxa4 38. Kc2 Ka3 39. Kb1 Kb3 40. h5 Kc4 41. h6 Kd5 42. h7 b3 43. h8=Q f3 44. gxf3 Kc4 45. Qd4+ Kb5 46. Qc3 Ka4 47. Nd4 Ka3 48. Qxb3# 1-0